 Dungeon Crawl Stone Soup version 0.21-a0-536-gdbbf329 (webtiles) character file.

89 slep the Chopper (level 4, -4/23 HPs)
             Began as a Vine Stalker Gladiator on Dec 14, 2017.
             Slain by a gnoll
             ... wielding a +0 spear
              (8 damage)
             ... on level 2 of the Dungeon.
             The game lasted 00:01:43 (612 turns).

slep the Chopper (Vine Stalker Gladiator)            Turns: 612, Time: 00:01:44

Health: -4/23      AC:  4    Str: 17    XL:     4   Next: 55%
Magic:  0/5        EV: 13    Int:  8    God:
Gold:   62         SH:  0    Dex: 16    Spells: 3/3 levels left

rFire    . . .     SeeInvis .   a - +0 war axe
rCold    . . .     Gourm    .   (no shield)
rNeg     . . .     Faith    .   b - +0 leather armour
rPois    .         Spirit   +   c - +0 helmet
rElec    .         Reflect  .   (no cloak)
rCorr    .         Harm     .   (no gloves)
MR       .....                  (no boots)
Stlth    +.........             (no amulet)
HPRegen  0.47/turn              (no ring)
MPRegen  0.09/turn              (no ring)

@: no status effects
A: fangs 2, regeneration 1, magic shield, antimagic bite, no potion heal 3, rot
immunity
a: no special abilities


You were on level 2 of the Dungeon.
You were not hungry.

You visited 1 branch of the dungeon, and saw 2 of its levels.

You collected 62 gold pieces.

Inventory:

Hand Weapons
 a - a +0 war axe (weapon)
Missiles
 d - 3 throwing nets (quivered)
Armour
 b - a +0 leather armour (worn)
 c - a +0 helmet (worn)
Jewellery
 i - a cursed amulet of inaccuracy {unknown}
Scrolls
 e - 2 scrolls of remove curse {unknown}
 g - a scroll of amnesia {unknown}
 j - a scroll of magic mapping {unknown}
Potions
 h - a potion of heal wounds {unknown}
 k - a potion of lignification {unknown}
Comestibles
 f - 2 bread rations


   Skills:
 + Level 2.1 Fighting
 + Level 3.9 Axes
 + Level 1.8 Throwing
 + Level 1.0 Armour
 + Level 2.8 Dodging
 + Level 0.1 Stealth


You had 3 spell levels left.
You didn't know any spells.

Dungeon Overview and Level Annotations

Branches:
Dungeon (2/15)

Altars:


Innate Abilities, Weirdness & Mutations

You have extremely sharp teeth.
Your natural rate of healing is unusually fast.
When hurt, damage is shared between your health and your magic reserves.
Your bite disrupts and absorbs the magic of your enemies.
Potions cannot restore your health.
You are immune to rotting.


Message History

You slash the gnoll!
You kill the gnoll!
The gnoll hits you from afar with a spear.
The gnoll hits you with a spear.
You see here a gnoll corpse.
You slash the gnoll!
You kill the gnoll!
Your Armour skill increases to level 1!
The hobgoblin closely misses you.
You closely miss the hobgoblin. Your bite misses the hobgoblin.
The gnoll barely misses you. The hobgoblin hits you with a club.
The gnoll hits you from afar with a spear.
You closely miss the hobgoblin. Your bite misses the hobgoblin.
The hobgoblin hits you with a club.
The gnoll hits you from afar with a spear.
* * * LOW HITPOINT WARNING * * *
You slash the hobgoblin!
You kill the hobgoblin!
The gnoll hits you from afar with a spear!
You die...

#### ########### ###..# #
#.........# #...## #
#.........###########.#.# ##
######..<.......@)g....##..#.###.
#...##.........#######...(.......
.....#.........# #.#....##.##
......########## ##.#.#####.#
......# #########....# ..#
......... ......##....## .###
.....#### #........### ..# #....#
##.#.#..#######.# ####.#
#..#.##.........##


You could see a gnoll.

Vanquished Creatures
  A centaur skeleton (D:2)
  A worker ant (D:2)
  2 gnolls (D:2)
  An adder skeleton (D:2)
  4 hobgoblins
  2 jackals (D:1)
  2 kobolds (D:1)
  2 bats (D:1)
  A frilled lizard (D:1)
  2 goblins (D:1)
  2 rats (D:1)
20 creatures vanquished.

Notes
Turn   | Place    | Note
-------+----------+-------------------------------------------
     0 | D:1      | slep the Vine Stalker Gladiator began the quest for the Orb.
     0 | D:1      | Reached XP level 1. HP: 11/11 MP: 2/2
   211 | D:1      | Reached skill level 3 in Axes
   211 | D:1      | Reached XP level 2. HP: 12/15 MP: 3/3
   521 | D:2      | Reached XP level 3. HP: 13/18 MP: 4/4
   568 | D:2      | Gained mutation: Your natural rate of healing is unusually fast. [Vine Stalker growth]
   568 | D:2      | Reached XP level 4. HP: 8/23 MP: 1/5
   609 | D:2      | Reached skill level 1 in Armour
   612 | D:2      | Slain by a gnoll

Vault maps used:
D:1:      dpeg_arrival_three_bigger_balls
D:2:      nicolae_overflow_crystal_walls, grunt_qazlal_clouds,
          dancing_weapons_uskayaw, serial_undead, serial_undead_b,
          serial_undead_c, serial_undead_a, serial_undead_f, uniq_natasha,
          uniq_terence, uniq_jessica

Skill      XL: |  1  2  3  4 |
---------------+-------------+-----
Axes           | 3 |  3.9
Fighting       | 2 |  2.1
Armour         | 1 |  1.0
Throwing       | |  1.8
Dodging        | |  2.8
Stealth        | |  0.1

Action                   |  1- 3 |  4- 6 || total
-------------------------+-------+-------++-------
Melee: War axe           |    46 |    14 ||    60
       Bite              |     8 |     4 ||    12
Armor: Leather armour    |    13 |     6 ||    19
Dodge: Dodged            |    28 |    14 ||    42

Table legend:
 A = Spawn XP
 B = Non-spawn XP
 C = Spawn XP percentage of total XP
 D = Spawn monster count
 E = Non-spawn monster count
 F = Spawn count percentage of total count
 G = Total turns spent on level
                    A         B        C        D         E        F      G
               +---------+---------+-------+---------+---------+-------+---------
         Total |       0 |     128 |   0.0 |       0 |      20 |   0.0 |   612
               +---------+---------+-------+---------+---------+-------+---------
           D:1 |       0 |      20 |   0.0 |       0 |      13 |   0.0 |   450
           D:2 |       0 |     108 |   0.0 |       0 |       7 |   0.0 |   162
               +---------+---------+-------+---------+---------+-------+---------
